 Dungeon Crawl Stone Soup version 0.31.0-7-gf635a9b802 (webtiles) character file.

Game seed: 4059622010102701238

425 JustSomeDude the Slasher (level 6, -2/53 HPs)
             Began as a Demonspawn Cinder Acolyte on Jan 22, 2024.
             Was a Follower of Fedhas.
             Slain by a gnoll
             ... wielding a +0 whip of distortion
             ... led by a gnoll bouda
              (16 damage)
             ... on level 5 of the Dungeon on Jan 23, 2024.
             The game lasted 00:28:49 (4503 turns).

JustSomeDude the Slasher (DsCA)                     Turns: 4503, Time: 00:28:50

Health: -2/53      AC:  9    Str: 14    XL:     6   Next: 64%
Magic:  7/7        EV: 12    Int: 15    God:    Fedhas [*.....]
Gold:   64         SH:  0    Dex: 10    Spells: 5/7 levels left

rFire   . . .        a - -1 falchion (flame)
rCold   + . .        (no shield)
rNeg    . . .        w - +5 robe "Muwav" {+Inv rC+}
rPois   +            (helmet restricted)
rElec   .            (no cloak)
rCorr   .            (no gloves)
SInv    .            (no boots)
Will    .....        (no amulet)
Stlth   ++           i - ring of protection from fire
HPRegen 0.28/turn    x - ring of poison resistance
MPRegen 0.10/turn

%: no passive effects
@: fire susceptible
A: antennae 1, icy blue scales 1, robust 1
a: Renounce Religion, Evoke Invisibility


You were on level 5 of the Dungeon.
You worshipped Fedhas.
Fedhas was aware of your devotion.
You visited 1 branch of the dungeon, and saw 5 of its levels.

You collected 200 gold pieces.
You spent 136 gold pieces at shops.

Inventory:

Hand Weapons
 a - a -1 falchion of flaming (weapon)
Missiles
 f - 14 stones (quivered)
Armour
 b - a +0 robe
 w - the +5 robe "Muwav" (worn) {+Inv rC+}
   (You bought it in a shop on level 5 of the Dungeon)

   rC+:       It protects you from cold.
   +Inv:      It lets you turn invisible.
Jewellery
 i - a ring of protection from fire (left hand)
 m - a ring of fire
 x - a ring of poison resistance (right hand)
Talismans
 l - a serpent talisman
Scrolls
 c - 2 scrolls of identify {unknown}
 d - a scroll of torment
 e - 2 scrolls of revelation {unknown}
 g - 2 scrolls of teleportation {unknown}
 j - a scroll of blinking {unknown}
 k - 2 scrolls of enchant weapon {unknown}
 n - a scroll of vulnerability {unknown}
 o - a scroll of fog {unknown}
 v - a scroll of summoning {unknown}
 y - a scroll of immolation {unknown}
 z - a scroll of silence {unknown}
Potions
 u - a potion of heal wounds {unknown}


   Skills:
 + Level 4.4 Fighting
 + Level 4.9 Long Blades
 + Level 0.4 Throwing
 + Level 1.7 Dodging
 + Level 1.8 Stealth
 + Level 1.1 Spellcasting
 + Level 3.2 Fire Magic
 * Level 0.6 Shapeshifting


You had 5 spell levels left.
You knew the following spells:

 Your Spells              Type           Power      Damage    Failure   Level
a - Scorch                Fire           20%        2d5       10%         2

Your spell library contained the following spells:

 Spells                   Type           Power      Damage    Failure   Level
 Apportation              Tloc           0%         N/A       24%         1
 Jinxbite                 Hex            0%         N/A       36%         2
 Fugue of the Fallen      Necr           0%         N/A       58%         3
 Hailstorm                Conj/Ice       0%         3d5       58%         3
 Ozocubu's Armour         Ice            0%         N/A       58%         3
 Summon Ice Beast         Ice/Summ       0%         N/A       58%         3
 Manifold Assault         Tloc           0%         N/A       94%         4
 Alistair's Intoxication  Alch           0%         N/A       100%        5
 Sculpt Simulacrum        Ice/Alch       0%         N/A       100%        6


Dungeon Overview and Level Annotations

Branches:
Dungeon (5/15)
 Temple: D:4-7

Altars:
Dithmenos
Fedhas
Hepliaklqana
Nemelex Xobeh

Shops:
D:5 *

Annotations:
D:2 1 runed translucent door, Crazy Yiuf
D:4 2 runed translucent doors, Vorhees's ghost, amateur TrSh


Innate Abilities, Weirdness & Mutations

You have a pair of small antennae on your head.
You are partially covered in icy blue scales. (AC +2)
You are robust. (+10% HP)


Message History

a +0 club; a +0 whip; a gnoll corpse You start resting.
A gnoll comes into view. It is wielding a +0 whip of distortion.
The gnoll is attracted toward you.
A gnoll bouda comes into view. It is wielding a +0 whip.
The gnoll is attracted toward you.
The gnoll bouda is attracted toward you.
The gnoll is attracted toward you.
Things that are here:
a +0 club; a +0 whip; a gnoll corpse You barely miss the gnoll.
The gnoll shouts!
You hear a shout! x2
The gnoll closely misses you. The gnoll misses you.
You slash the gnoll! You burn the gnoll. You punch the gnoll.
The gnoll is almost dead.
The gnoll barely misses you.
You closely miss the gnoll.
The gnoll is almost dead.
You feel less attractive to monsters.
You slash the gnoll bouda! You burn the gnoll bouda.
The gnoll bouda is almost dead.
You barely miss the gnoll bouda.
The gnoll bouda is almost dead.
You feel a little less mighty now.
The gnoll bouda barks out a call to the hunt!
The gnolls pick up the pace!
You hit the gnoll bouda. You burn the gnoll bouda.
You kill the gnoll bouda!
Fedhas appreciates your contribution to the ecosystem.
You closely miss the gnoll.
The gnoll is almost dead.
The gnoll closely misses you.
You barely miss the gnoll.
The gnoll is almost dead.
The gnoll closely misses you.
You closely miss the gnoll.
The gnoll is almost dead.
The gnoll hits you but does no damage. Space warps horribly around you!
You die...
Fedhas appreciates your contribution to the ecosystem.

#.. #.. #.. #(. #
##..## .#
#....#######..####
#....##gg@.......#
##....#..#######)..
#.......{...#
#......#)...#
#.........######
#...##...ยง..#...#
...##...........#
..##...###...######
## .5#...#
#....#...# .#


You could see 2 gnolls.

Vanquished Creatures
  A bombardier beetle (D:4)
  A gnoll bouda (D:5)
  4 hounds
  2 iguanas
  An orc wizard (D:4)
  5 gnolls
  4 adders
  A shadow imp (D:5)
  A white imp (D:4)
  2 ufetubi (D:5)
  2 dart slugs
  3 orcs
  6 endoplasms
  3 giant cockroaches
  5 goblins
  3 hobgoblins
  5 jackals
  2 quokkas (D:1)
  6 ball pythons
  2 bats
  A frilled lizard (D:2)
  7 kobolds
  4 rats
71 creatures vanquished.

Vanquished Creatures (others)
  56 foxfires
56 creatures vanquished.

Grand Total: 127 creatures vanquished

Notes
Turn   | Place    | Note
-------+----------+-------------------------------------------
     0 | D:1      | JustSomeDude the Demonspawn Cinder Acolyte began the quest
                  | for the Orb.
     0 | D:1      | Reached XP level 1. HP: 18/18 MP: 2/2
   214 | D:1      | Gained mutation: You have a pair of small antennae on your
                  | head. [demonic ancestry]
   214 | D:1      | Reached XP level 2. HP: 24/24 MP: 3/3
  1054 | D:2      | Reached XP level 3. HP: 29/29 MP: 4/4
  1173 | D:2      | Found a runed translucent door.
  1174 | D:2      | Noticed Crazy Yiuf
  1368 | D:2      | Reached XP level 4. HP: 37/37 MP: 5/5
  2254 | D:3      | Found a faded altar of an unknown god.
  2520 | D:3      | Upgraded the game from 0.31.0-4-g52a2dc7128 to
                  | 0.31.0-7-gf635a9b802
  2535 | D:4      | Found a shadowy altar of Dithmenos.
  2667 | D:4      | Gained mutation: You are partially covered in icy blue
                  | scales. (AC +2) [demonic ancestry]
  2667 | D:4      | Reached XP level 5. HP: 38/42 MP: 6/6
  2782 | D:4      | Reached skill level 1 in Stealth
  2948 | D:4      | Found a large runed translucent door.
  2948 | D:4      | Found a large runed translucent door.
  2950 | D:4      | Noticed Vorhees's ghost (amateur TrSh)
  3140 | D:4      | Reached skill level 1 in Dodging
  3310 | D:4      | Found a sparkling altar of Nemelex Xobeh.
  3335 | D:4      | Found a hazy altar of Hepliaklqana.
  3578 | D:4      | HP: 2/42 [iguana (10)]
  4021 | D:3      | Fell from the grace of Ignis
  4023 | D:3      | Prayed at the altar of an unknown god.
  4023 | D:3      | Became a worshipper of Fedhas Madash
  4023 | D:3      | Reached * piety under Fedhas
  4054 | D:5      | Entered Level 5 of the Dungeon
  4054 | D:5      | Found Migronea's Assorted Antiques.
  4121 | D:5      | Bought a brightly glowing robe for 136 gold pieces
  4121 | D:5      | Identified the +5 robe "Muwav" {+Inv rC+} (You bought it in
                  | a shop on level 5 of the Dungeon)
  4149 | D:5      | Reached XP level 6. HP: 48/48 MP: 7/7
  4347 | D:5      | Learned a level 2 spell: Scorch
  4443 | D:5      | Gained mutation: You are robust. (+10% HP) [potion of
                  | mutation]
  4503 | D:5      | Slain by a gnoll

Illustrated notes

Levels and vault maps discovered:
D:1:      wander_arrival_peaceful_grave, layout_basic
D:2:      layout_loops_ring, kennysheep_big_empty_room, uniq_crazy_yiuf_cottage
D:3:      layout_loops_corners, ebering_ecumenical_altar_abandoned,
          grunt_decor_mini_mirrors
D:4:      layout_basic, old_standard_altar, mainiacjoe_overflow_two_lobes,
          ebering_ghost_disaster_area, roderic_serpentine_path
D:5:      layout_layer_cave, minmay_temple_entry_trees, serial_shops, shop,
          hangedman_abyss_or_decor_stagger, uniq_blork_the_orc

Skill      XL: |  1  2  3  4  5 |
---------------+----------------+-----
Fire Magic     | 3 |  3.2
Long Blades    | 3 4 |  4.9
Fighting       | 4 |  4.4
Stealth        | 1 |  1.8
Dodging        | 1 |  1.7
Throwing       | |  0.4
Spellcasting   | |  1.1
Shapeshifting  | |  0.6

Action                     |  1- 3 |  4- 6 || total
---------------------------+-------+-------++-------
  Melee: Falchion          |    74 |   168 ||   242
         Punch             |     2 |     3 ||     5
  Throw: Stone             |     4 |    12 ||    16
   Cast: Scorch            |       |     5 ||     5
 Invoke: Foxfire Swarm     |     3 |     3 ||     6
         Fiery Armour      |     3 |     2 ||     5
         Rising Flame      |       |     1 ||     1
         Renounce Religion |       |     1 ||     1
    Use: Scroll            |     1 |       ||     1
         Potion            |       |     8 ||     8
   Stab: Sleeping          |     1 |     2 ||     3
         Invisible         |       |     3 ||     3
 Armour: Robe              |    57 |   143 ||   200
  Dodge: Dodged            |    62 |   126 ||   188
